AoeStats
← PrestoBeast4034

Arena

509237110Analyzed
2v2 RM · 5d ago on Sep 26, 2026· 52m 35s· 4 players
Game mode
Random Map
Map size
Medium (4 player)
Population
200
Speed
Normal
Resources
Standard
Victory
Conquest
Starting age
Dark Age
Ending age
Imperial Age
RankedLock teamsTeams togetherTeam positionsShared explorationLock speedFull tech treeHidden civsTurbo modeCheats
Victory
Defeat
🇺🇸 Burgundians · United States
1519
+12
🇺🇸 Byzantines · United States
1517
+13
🇺🇸 Spanish · United States
1456
-13
🇺🇸 Berbers · United States
1432
-12
PrestoBeast4034
11:18 Feudal Age
10:17 Loom
14:40 Castle Age
13:10 Double-Bit Axe
13:09 Horse Collar
20:00 Town Watch
22:01 Padded Archer Armor
27:20 Wheelbarrow
31:35 Imperial Age
30:20 Leather Archer Armor
32:33 Bow Saw
33:19 Hand Cart
36:56 Sanctity
36:47 Fervor
37:10 Illumination
37:01 Block Printing
38:16 Two-Man Saw
37:37 Gold Mining
37:53 Heavy Plow
38:07 Stone Mining
41:01 Fortified Wall
42:05 Bloodlines
41:55 Husbandry
43:00 Theocracy
42:03 Cavalier
42:52 Scale Barding Armor
42:12 Light Cavalry
43:38 Forging
44:00 Ring Archer Armor
44:20 Conscription
44:16 Fletching
44:48 Chain Barding Armor
44:47 Paladin
46:59 Plate Barding Armor
46:59 Masonry
48:36 Iron Casting
48:48 Bodkin Arrow
48:37 Elite Skirmisher
49:50 Ballistics
50:02 Bracer
52:34 Blast Furnace
52:57 Chemistry
Camoanimal
11:02 Feudal Age
15:37 Castle Age
14:10 Double-Bit Axe
14:06 Horse Collar
18:11 Bow Saw
18:16 Stone Mining
19:36 Heavy Plow
25:02 Wheelbarrow
24:13 Town Watch
24:14 Loom
25:28 Gold Mining
28:53 Imperial Age
26:20 Fletching
26:31 Padded Archer Armor
27:10 Bodkin Arrow
28:33 Bloodlines
28:24 Husbandry
29:13 Forging
29:09 Scale Barding Armor
29:20 Leather Archer Armor
29:54 Ballistics
29:05 Light Cavalry
29:53 Bracer
30:30 Iron Casting
29:56 Hussar
31:11 Crop Rotation
31:31 Conscription
34:05 Elite Camel Archer
36:56 Chemistry
45:30 Hoardings
stochasteric
11:19 Feudal Age
12:23 Double-Bit Axe
14:53 Castle Age
12:46 Horse Collar
15:57 Bow Saw
21:45 Wheelbarrow
20:56 Loom
23:31 Gold Mining
26:41 Imperial Age
24:06 Stone Mining
24:53 Gold Shaft Mining
24:21 Heavy Plow
28:49 Block Printing
28:55 Sanctity
29:10 Hand Cart
29:29 Redemption
30:01 Scale Barding Armor
30:19 Conscription
29:55 Fletching
30:42 Sanctity
30:33 Fervor
32:25 Chemistry
32:03 Bodkin Arrow
33:15 Elite Varangian Guard
34:39 Bracer
35:03 Ballistics
37:19 Scale Mail Armor
38:20 Squires
39:52 Chain Mail Armor
40:48 Logistica
41:30 Plate Mail Armor
41:12 Capped Ram
42:30 Forging
44:04 Iron Casting
43:31 Siege Ram
43:37 Elite Skirmisher
44:23 Thumb Ring
45:36 Coinage
47:23 Devotion
48:34 Hoardings
48:51 Faith
49:11 Pikeman
51:37 Two-Man Saw
51:07 Crop Rotation
52:40 Banking
52:10 Caravan
TheSharkcatzor
6:03 Double-Bit Axe
10:35 Feudal Age
14:57 Castle Age
14:00 Bow Saw
18:07 Loom
27:46 Imperial Age
26:29 Scale Barding Armor
26:45 Horse Collar
28:42 Chain Barding Armor
29:44 Gold Mining
30:48 Heavy Plow
31:24 Forging
32:16 Conscription
32:32 Wheelbarrow
34:27 Plate Barding Armor
35:49 Chemistry
35:46 Padded Archer Armor
35:37 Fletching
38:00 Town Watch
38:50 Leather Archer Armor
39:10 Iron Casting
40:03 Devotion
39:46 Elite Skirmisher
41:14 Bodkin Arrow
42:44 Light Cavalry
43:25 Husbandry
43:56 Bracer
46:23 Hussar
48:06 Blast Furnace
50:38 Hand Cart
Connection lost

Rejoining the realm…

Still unreachable

The connection could not be restored.

Session expired

The server has moved on; the page needs a fresh start.